[ AOE2 MATCH · #474136684 ]
UnrankedJapanese vs Japanese
[ REPLAY ANALYSIS · EXTRACTED FROM THE RECORDED GAME ]
Feudal
41:13
Castle
48:31
Imperial
56:04
| APM avg | 29.4 |
| APM peak | 77 |
| eAPM avg | 26.8 |
| Villagers / military | 343 / 1349 |
Focus
⚔️ 20.4% · 🌾 79.6%
Spearman ×815 · Militia ×186 · Mangonel ×124 · Trade Cart ×109 · Archer ×85 · Samurai ×83
Feudal
44:59
Castle
51:00
Imperial
55:49
| APM avg | 32.8 |
| APM peak | 59 |
| eAPM avg | 29.6 |
| Villagers / military | 249 / 1040 |
Focus
⚔️ 12.7% · 🌾 87.3%
Spearman ×512 · Skirmisher ×151 · Militia ×122 · Trade Cart ×84 · Mangonel ×75 · Knight ×57
Feudal
41:14
Castle
55:35
Imperial
71:28
| APM avg | 12.0 |
| APM peak | 46 |
| eAPM avg | 10.9 |
| Villagers / military | 190 / 90 |
Focus
⚔️ 12.2% · 🌾 87.8%
Trade Cart ×53 · Mangonel ×48 · Mangudai ×34 · Scorpion ×6 · Battering Ram ×2
Feudal
36:35
Castle
44:10
Imperial
48:23
| APM avg | 35.4 |
| APM peak | 75 |
| eAPM avg | 26.2 |
| Villagers / military | 300 / 615 |
Focus
⚔️ 21.9% · 🌾 78.1%
Shrivamsha Rider ×280 · Elephant Archer ×260 · Trade Cart ×144 · Mangonel ×54 · Bombard Cannon ×15 · Trebuchet (Packed) ×6
Feudal
—
Castle
—
Imperial
—
| APM avg | 1.6 |
| APM peak | 17 |
| eAPM avg | 1.4 |
| Villagers / military | 11 / 0 |
Focus
⚔️ 0.0% · 🌾 100.0%
Feudal
32:26
Castle
37:51
Imperial
45:14
| APM avg | 31.4 |
| APM peak | 112 |
| eAPM avg | 30.7 |
| Villagers / military | 409 / 1234 |
Focus
⚔️ 14.8% · 🌾 85.2%
Militia ×288 · Elephant Archer ×241 · Shrivamsha Rider ×220 · Trade Cart ×197 · Scout Cavalry ×129 · Bombard Cannon ×93
Feudal
42:24
Castle
52:44
Imperial
60:27
| APM avg | 12.1 |
| APM peak | 52 |
| eAPM avg | 11.6 |
| Villagers / military | 169 / 441 |
Focus
⚔️ 21.5% · 🌾 78.5%
Spearman ×400 · Unknown (1944) ×223 · Unknown (1952) ×199 · Trade Cart ×78 · Unknown (1949) ×57 · Scorpion ×20
Feudal
50:27
Castle
58:32
Imperial
62:52
| APM avg | 31.3 |
| APM peak | 112 |
| eAPM avg | 25.4 |
| Villagers / military | 137 / 464 |
Focus
⚔️ 18.5% · 🌾 81.5%
Spearman ×198 · Archer ×89 · Skirmisher ×84 · Scout Cavalry ×68 · Trade Cart ×21 · Bombard Cannon ×19
Match map
Initial resources + every placement click. Lines = walls · curves = elevation contours. ◆ gold · ⬟ stone · ● berries · ✦ relic · ◌ wall gap
Your base
castleChicken's base
luisedgaco02's base
bengtarne's base
Carmillum's base
Iam_ViRuS's base
baeda-frank-tsg's base
gtrodriguez's base
Smoothed initial terrain · ◌ = detected wall gap · hover for details
Inputs per minute
— La_Granjita - - castleChicken
Build order — La_Granjita
First 150 of 1075 actions detected
| 0:01 | Create | Villager (Male) |
| 0:02 | Create | Villager (Male) |
| 0:02 | Create | Villager (Male) |
| 0:02 | Create | Villager (Male) |
| 2:34 | Build | House |
| 6:35 | Build | Lumber Camp |
| 7:05 | Build | Mill |
| 7:37 | Build | Farm |
| 8:05 | Build | Palisade Wall |
| 10:03 | Build | House |
| 10:17 | Create | Villager (Male) |
| 10:18 | Create | Villager (Male) |
| 12:47 | Create | Villager (Male) |
| 12:48 | Create | Villager (Male) |
| 14:30 | Build | Farm |
| 15:02 | Create | Villager (Male) |
| 15:02 | Create | Villager (Male) |
| 15:28 | Build | House |
| 16:26 | Create | Villager (Male) |
| 16:27 | Create | Villager (Male) |
| 18:00 | Create | Villager (Male) |
| 18:00 | Create | Villager (Male) |
| 19:06 | Create | Villager (Male) |
| 19:07 | Create | Villager (Male) |
| 20:24 | Create | Villager (Male) |
| 20:24 | Create | Villager (Male) |
| 21:39 | Create | Villager (Male) |
| 21:40 | Create | Villager (Male) |
| 22:36 | Create | Villager (Male) |
| 22:36 | Create | Villager (Male) |
| 22:47 | Build | House |
| 23:01 | Build | Farm |
| 23:39 | Create | Villager (Male) |
| 23:40 | Create | Villager (Male) |
| 24:56 | Create | Villager (Male) |
| 24:56 | Create | Villager (Male) |
| 25:41 | Create | Villager (Male) |
| 25:41 | Create | Villager (Male) |
| 26:10 | Create | Villager (Male) |
| 26:11 | Create | Villager (Male) |
| 27:16 | Create | Villager (Male) |
| 27:16 | Create | Villager (Male) |
| 27:34 | Build | House |
| 28:00 | Create | Villager (Male) |
| 28:00 | Create | Villager (Male) |
| 29:14 | Create | Villager (Male) |
| 29:15 | Create | Villager (Male) |
| 29:15 | Create | Villager (Male) |
| 29:30 | Create | Villager (Male) |
| 29:30 | Create | Villager (Male) |
| 29:30 | Create | Villager (Male) |
| 30:07 | Build | House |
| 30:43 | Create | Villager (Male) |
| 30:43 | Create | Villager (Male) |
| 31:06 | Create | Villager (Male) |
| 31:06 | Create | Villager (Male) |
| 31:06 | Create | Villager (Male) |
| 32:10 | Build | Farm |
| 32:27 | Create | Villager (Male) |
| 32:27 | Create | Villager (Male) |
| 32:57 | Create | Villager (Male) |
| 32:58 | Create | Villager (Male) |
| 33:27 | Create | Villager (Male) |
| 33:27 | Create | Villager (Male) |
| 34:02 | Create | Villager (Male) |
| 34:02 | Create | Villager (Male) |
| 35:32 | Build | Farm |
| 37:06 | Build | Farm |
| 37:56 | Build | Farm |
| 38:34 | Build | Farm |
| 39:03 | Research | Feudal Age |
| 39:03 | Research | Feudal Age |
| 40:29 | Build | Lumber Camp |
| 41:13 | Age | Feudal Age |
| 41:18 | Research | Wheelbarrow |
| 41:18 | Research | Wheelbarrow |
| 41:20 | Research | Double-Bit Axe |
| 41:20 | Research | Double-Bit Axe |
| 42:13 | Build | Lumber Camp |
| 44:36 | Build | Market |
| 44:43 | Build | Blacksmith |
| 45:51 | Research | Castle Age |
| 45:51 | Research | Castle Age |
| 45:59 | Build | Farm |
| 46:41 | Build | Farm |
| 47:06 | Build | Farm |
| 48:31 | Age | Castle Age |
| 48:41 | Build | Farm |
| 48:54 | Build | Farm |
| 49:11 | Build | Farm |
| 49:21 | Build | Farm |
| 49:25 | Build | Farm |
| 50:34 | Build | Siege Workshop |
| 51:07 | Build | Monastery |
| 51:46 | Build | Farm |
| 51:54 | Build | Lumber Camp |
| 52:01 | Build | Farm |
| 52:54 | Research | Imperial Age |
| 53:10 | Build | House |
| 53:11 | Build | House |
| 53:14 | Create | Mangonel |
| 53:14 | Create | Mangonel |
| 53:39 | Build | House |
| 53:54 | Build | Farm |
| 54:01 | Build | Mill |
| 54:09 | Build | House |
| 54:16 | Build | House |
| 54:16 | Build | House |
| 54:36 | Research | Horse Collar |
| 54:36 | Research | Horse Collar |
| 55:01 | Research | Heavy Plow |
| 55:04 | Research | Bow Saw |
| 56:04 | Age | Imperial Age |
| 56:10 | Create | Mangonel |
| 57:28 | Research | Onager (upgrade) |
| 57:36 | Build | Farm |
| 57:50 | Research | Town Watch |
| 58:08 | Build | Lumber Camp |
| 59:49 | Research | Two-Man Saw |
| 59:49 | Research | Two-Man Saw |
| 59:50 | Research | Two-Man Saw |
| 59:56 | Build | Farm |
| 60:26 | Research | Hand Cart |
| 60:27 | Research | Hand Cart |
| 60:27 | Research | Hand Cart |
| 60:37 | Build | Town Center |
| 61:14 | Create | Villager (Male) |
| 61:14 | Create | Villager (Male) |
| 61:14 | Create | Villager (Male) |
| 61:15 | Create | Villager (Male) |
| 61:15 | Create | Villager (Male) |
| 61:15 | Create | Villager (Male) |
| 61:29 | Create | Villager (Male) |
| 61:29 | Create | Villager (Male) |
| 61:30 | Create | Villager (Male) |
| 61:30 | Create | Villager (Male) |
| 61:57 | Research | Loom |
| 61:58 | Research | Loom |
| 62:07 | Build | Town Center |
| 62:24 | Create | Villager (Male) |
| 62:25 | Create | Villager (Male) |
| 62:25 | Create | Villager (Male) |
| 62:25 | Create | Villager (Male) |
| 62:25 | Create | Villager (Male) |
| 62:34 | Build | Farm |
| 62:34 | Build | Farm |
| 62:35 | Build | Farm |
| 62:35 | Build | Farm |
| 62:35 | Build | Farm |
| 62:35 | Build | Farm |
Build order — castleChicken
First 150 of 818 actions detected
| 0:07 | Create | Villager (Male) |
| 0:07 | Create | Villager (Male) |
| 0:14 | Create | Villager (Male) |
| 0:14 | Create | Villager (Male) |
| 2:57 | Build | House |
| 3:31 | Build | Palisade Wall |
| 7:16 | Build | Mill |
| 7:43 | Build | Farm |
| 9:30 | Build | House |
| 10:28 | Create | Villager (Male) |
| 13:16 | Create | Villager (Male) |
| 13:27 | Build | Farm |
| 14:45 | Create | Villager (Male) |
| 16:00 | Build | House |
| 16:09 | Create | Villager (Male) |
| 17:17 | Create | Villager (Male) |
| 18:41 | Create | Villager (Male) |
| 19:45 | Create | Villager (Male) |
| 21:09 | Create | Villager (Male) |
| 22:17 | Build | House |
| 22:59 | Create | Villager (Male) |
| 23:37 | Create | Villager (Male) |
| 24:31 | Create | Villager (Male) |
| 24:42 | Build | Farm |
| 26:16 | Create | Villager (Male) |
| 26:37 | Build | House |
| 26:57 | Build | House |
| 27:11 | Create | Villager (Male) |
| 28:00 | Create | Villager (Male) |
| 28:01 | Create | Villager (Male) |
| 28:01 | Create | Villager (Male) |
| 28:01 | Create | Villager (Male) |
| 28:01 | Create | Villager (Male) |
| 28:01 | Create | Villager (Male) |
| 28:01 | Create | Villager (Male) |
| 28:01 | Create | Villager (Male) |
| 28:01 | Create | Villager (Male) |
| 28:01 | Create | Villager (Male) |
| 28:02 | Create | Villager (Male) |
| 28:02 | Create | Villager (Male) |
| 28:02 | Create | Villager (Male) |
| 28:03 | Create | Villager (Male) |
| 28:03 | Create | Villager (Male) |
| 28:03 | Create | Villager (Male) |
| 28:04 | Create | Villager (Male) |
| 28:04 | Create | Villager (Male) |
| 28:05 | Create | Villager (Male) |
| 28:09 | Research | Loom |
| 28:12 | Build | Farm |
| 28:52 | Create | Villager (Male) |
| 29:50 | Create | Villager (Male) |
| 30:25 | Create | Villager (Male) |
| 30:51 | Build | Farm |
| 31:28 | Create | Villager (Male) |
| 31:34 | Build | House |
| 32:05 | Build | House |
| 32:10 | Create | Villager (Male) |
| 32:50 | Build | Farm |
| 33:12 | Create | Villager (Male) |
| 33:37 | Build | Farm |
| 33:48 | Create | Villager (Male) |
| 34:30 | Create | Villager (Male) |
| 34:51 | Create | Villager (Male) |
| 35:28 | Create | Villager (Male) |
| 35:28 | Create | Villager (Male) |
| 36:09 | Create | Villager (Male) |
| 36:20 | Create | Villager (Male) |
| 36:50 | Create | Villager (Male) |
| 37:27 | Create | Villager (Male) |
| 37:53 | Create | Villager (Male) |
| 38:14 | Build | Farm |
| 38:21 | Build | Farm |
| 38:27 | Build | Farm |
| 38:40 | Build | Lumber Camp |
| 38:44 | Build | Mill |
| 39:30 | Build | Lumber Camp |
| 41:21 | Build | Farm |
| 41:41 | Build | Lumber Camp |
| 42:18 | Build | Farm |
| 42:49 | Research | Feudal Age |
| 44:59 | Age | Feudal Age |
| 44:59 | Research | Double-Bit Axe |
| 45:00 | Research | Double-Bit Axe |
| 45:00 | Research | Wheelbarrow |
| 45:38 | Build | Farm |
| 47:31 | Build | Market |
| 47:49 | Build | Blacksmith |
| 48:20 | Research | Castle Age |
| 48:24 | Build | Farm |
| 48:40 | Build | Farm |
| 48:44 | Build | Farm |
| 48:48 | Build | Farm |
| 49:07 | Build | Farm |
| 49:10 | Build | Farm |
| 49:38 | Build | Farm |
| 51:00 | Age | Castle Age |
| 51:04 | Build | Farm |
| 51:20 | Build | Lumber Camp |
| 51:56 | Build | Siege Workshop |
| 52:10 | Build | Monastery |
| 52:39 | Research | Imperial Age |
| 52:47 | Build | Farm |
| 52:59 | Create | Battering Ram |
| 53:03 | Build | House |
| 53:07 | Build | House |
| 53:12 | Build | Farm |
| 53:24 | Build | Farm |
| 53:36 | Build | Mill |
| 54:01 | Build | Mill |
| 54:06 | Build | House |
| 54:10 | Build | House |
| 54:22 | Create | Mangonel |
| 54:31 | Build | House |
| 54:53 | Build | House |
| 55:14 | Build | House |
| 55:21 | Build | Farm |
| 55:49 | Age | Imperial Age |
| 55:50 | Research | Onager (upgrade) |
| 56:08 | Build | Market |
| 56:41 | Build | House |
| 56:43 | Build | House |
| 57:07 | Create | Mangonel |
| 57:16 | Build | House |
| 57:34 | Build | Farm |
| 57:38 | Create | Villager (Male) |
| 57:39 | Create | Villager (Male) |
| 57:41 | Build | Farm |
| 57:51 | Build | Lumber Camp |
| 58:18 | Research | Hand Cart |
| 58:41 | Create | Villager (Male) |
| 58:44 | Build | Farm |
| 58:45 | Build | Farm |
| 59:07 | Create | Mangonel |
| 59:13 | Create | Villager (Male) |
| 59:44 | Create | Villager (Male) |
| 59:48 | Build | Market |
| 60:08 | Create | Villager (Male) |
| 60:21 | Build | House |
| 60:22 | Build | House |
| 60:23 | Build | House |
| 60:42 | Create | Villager (Male) |
| 61:02 | Build | Town Center |
| 61:33 | Research | Bow Saw |
| 61:36 | Create | Villager (Male) |
| 61:37 | Create | Villager (Male) ×5 |
| 62:09 | Build | Farm |
| 62:17 | Build | Farm |
| 62:20 | Create | Villager (Male) |
| 62:21 | Create | Villager (Male) |
| 62:22 | Create | Villager (Male) ×5 |
Build order — luisedgaco02
First 150 of 539 actions detected
| 0:07 | Create | Villager (Male) |
| 0:07 | Create | Villager (Male) |
| 0:08 | Create | Villager (Male) |
| 0:08 | Create | Villager (Male) |
| 3:25 | Build | House |
| 8:17 | Build | House |
| 10:40 | Build | Mill |
| 12:07 | Build | Farm |
| 15:08 | Create | Villager (Male) |
| 15:24 | Build | House |
| 17:34 | Create | Villager (Male) |
| 20:27 | Build | Farm |
| 20:32 | Create | Villager (Male) |
| 22:13 | Build | Farm |
| 22:29 | Create | Villager (Male) |
| 24:40 | Build | House |
| 25:16 | Create | Villager (Male) |
| 26:08 | Create | Villager (Male) |
| 26:46 | Build | Farm |
| 26:51 | Create | Villager (Male) |
| 27:26 | Create | Villager (Male) |
| 29:53 | Build | House |
| 30:12 | Create | Villager (Male) |
| 30:26 | Create | Villager (Male) |
| 31:22 | Create | Villager (Male) |
| 31:55 | Create | Villager (Male) |
| 32:10 | Create | Villager (Male) |
| 32:58 | Build | Mill |
| 33:58 | Build | Lumber Camp |
| 35:46 | Build | Farm |
| 36:16 | Build | House |
| 36:32 | Build | House |
| 39:04 | Research | Feudal Age |
| 39:48 | Build | Lumber Camp |
| 40:32 | Build | Lumber Camp |
| 41:14 | Age | Feudal Age |
| 41:23 | Research | Double-Bit Axe |
| 42:37 | Research | Wheelbarrow |
| 45:02 | Build | Lumber Camp |
| 45:12 | Build | Lumber Camp |
| 46:00 | Build | House |
| 46:13 | Create | Villager (Male) |
| 46:45 | Create | Villager (Male) |
| 47:23 | Build | Farm |
| 48:31 | Create | Villager (Male) |
| 48:34 | Create | Villager (Male) |
| 48:36 | Create | Villager (Male) |
| 49:54 | Build | Farm |
| 50:42 | Build | Blacksmith |
| 50:55 | Build | Farm |
| 51:50 | Build | Market |
| 52:06 | Build | Lumber Camp |
| 52:27 | Build | Lumber Camp |
| 52:55 | Research | Castle Age |
| 53:37 | Build | Farm |
| 53:45 | Build | Farm |
| 53:50 | Build | Farm |
| 53:59 | Build | Farm |
| 54:12 | Build | Farm |
| 54:35 | Build | House |
| 55:28 | Build | Lumber Camp |
| 55:35 | Age | Castle Age |
| 55:40 | Build | House |
| 56:11 | Build | House |
| 56:19 | Research | Hand Cart |
| 56:26 | Research | Bow Saw |
| 57:00 | Build | Town Center |
| 57:44 | Create | Villager (Male) |
| 57:48 | Create | Villager (Male) |
| 58:07 | Create | Villager (Male) |
| 58:11 | Create | Villager (Male) |
| 58:47 | Build | House |
| 58:48 | Build | House |
| 58:52 | Create | Villager (Male) |
| 58:54 | Create | Villager (Male) |
| 58:56 | Create | Villager (Male) |
| 59:04 | Create | Villager (Male) |
| 59:06 | Create | Villager (Male) |
| 60:03 | Build | Farm |
| 60:48 | Create | Villager (Male) |
| 60:53 | Create | Villager (Male) |
| 61:17 | Create | Villager (Male) |
| 61:37 | Create | Villager (Male) |
| 61:40 | Create | Villager (Male) |
| 61:51 | Build | Farm |
| 62:25 | Build | Farm |
| 63:52 | Build | Market |
| 65:34 | Build | Farm |
| 66:01 | Build | Lumber Camp |
| 66:16 | Build | Monastery |
| 66:57 | Build | Lumber Camp |
| 67:36 | Build | University |
| 68:08 | Build | Market |
| 68:18 | Research | Imperial Age |
| 68:33 | Build | Lumber Camp |
| 68:40 | Build | Lumber Camp |
| 68:56 | Research | Loom |
| 69:00 | Create | Villager (Male) |
| 69:01 | Create | Villager (Male) |
| 69:01 | Create | Villager (Male) |
| 69:02 | Create | Villager (Male) |
| 69:02 | Create | Villager (Male) |
| 69:02 | Create | Villager (Male) |
| 69:02 | Create | Villager (Male) |
| 69:03 | Create | Villager (Male) |
| 69:03 | Create | Villager (Male) |
| 69:03 | Create | Villager (Male) |
| 70:09 | Create | Trade Cart |
| 70:45 | Build | Market |
| 70:57 | Build | Town Center |
| 71:19 | Build | Farm |
| 71:28 | Age | Imperial Age |
| 71:30 | Build | Farm |
| 71:33 | Build | Farm |
| 71:38 | Build | Farm |
| 71:47 | Build | Mill |
| 72:04 | Build | House |
| 72:06 | Build | House |
| 72:07 | Build | House |
| 72:32 | Build | Siege Workshop |
| 72:47 | Research | Caravan |
| 73:13 | Build | Farm |
| 73:13 | Build | Farm |
| 73:14 | Build | Farm |
| 73:14 | Build | Farm |
| 73:14 | Build | Farm |
| 73:22 | Create | Mangonel |
| 73:22 | Create | Mangonel |
| 73:37 | Create | Villager (Male) |
| 73:38 | Create | Villager (Male) |
| 73:38 | Create | Villager (Male) |
| 73:40 | Create | Villager (Male) |
| 73:41 | Create | Villager (Male) |
| 73:41 | Create | Villager (Male) |
| 73:41 | Create | Villager (Male) |
| 73:42 | Create | Villager (Male) |
| 73:43 | Create | Villager (Male) |
| 73:43 | Create | Villager (Male) |
| 73:44 | Create | Villager (Male) |
| 73:44 | Create | Villager (Male) |
| 73:51 | Build | Lumber Camp |
| 74:15 | Build | Lumber Camp |
| 74:53 | Build | Farm |
| 74:56 | Build | Farm |
| 75:45 | Create | Villager (Male) |
| 75:47 | Create | Villager (Male) |
| 75:51 | Create | Villager (Male) |
| 75:53 | Create | Villager (Male) |
| 75:53 | Create | Villager (Male) |
| 75:53 | Create | Villager (Male) |
Build order — bengtarne
First 150 of 871 actions detected
| 0:01 | Create | Villager (Male) |
| 0:01 | Create | Villager (Male) |
| 0:01 | Create | Villager (Male) |
| 0:01 | Create | Villager (Male) |
| 0:02 | Create | Villager (Male) |
| 2:12 | Build | House |
| 3:02 | Create | Villager (Male) |
| 3:40 | Create | Villager (Male) |
| 3:41 | Create | Villager (Male) |
| 3:41 | Create | Villager (Male) |
| 4:23 | Create | Villager (Male) |
| 4:23 | Create | Villager (Male) |
| 5:01 | Create | Villager (Male) |
| 5:01 | Create | Villager (Male) |
| 5:30 | Create | Villager (Male) |
| 5:30 | Create | Villager (Male) |
| 5:58 | Build | House |
| 6:15 | Create | Villager (Male) |
| 6:16 | Create | Villager (Male) |
| 6:16 | Create | Villager (Male) |
| 6:21 | Create | Villager (Male) |
| 6:21 | Create | Villager (Male) |
| 10:33 | Build | Mill |
| 10:37 | Build | Lumber Camp |
| 11:00 | Build | Farm |
| 12:16 | Build | House |
| 12:19 | Build | Farm |
| 13:22 | Create | Villager (Male) |
| 13:23 | Create | Villager (Male) |
| 14:28 | Create | Villager (Male) |
| 15:37 | Create | Villager (Male) |
| 15:38 | Create | Villager (Male) |
| 15:38 | Create | Villager (Male) |
| 16:08 | Build | House |
| 16:56 | Build | House |
| 17:15 | Create | Villager (Male) |
| 17:15 | Create | Villager (Male) |
| 18:14 | Create | Villager (Male) |
| 18:15 | Create | Villager (Male) |
| 19:13 | Create | Villager (Male) |
| 19:13 | Create | Villager (Male) |
| 19:16 | Build | Farm |
| 20:19 | Build | Farm |
| 20:39 | Create | Villager (Male) |
| 20:40 | Create | Villager (Male) |
| 21:32 | Create | Villager (Male) |
| 22:16 | Build | House |
| 22:33 | Create | Villager (Male) |
| 22:33 | Create | Villager (Male) |
| 23:18 | Build | Farm |
| 23:25 | Create | Villager (Male) |
| 23:25 | Create | Villager (Male) |
| 24:14 | Create | Villager (Male) |
| 24:14 | Create | Villager (Male) |
| 24:42 | Create | Villager (Male) |
| 24:43 | Create | Villager (Male) |
| 25:09 | Create | Villager (Male) |
| 25:09 | Create | Villager (Male) |
| 25:30 | Build | House |
| 25:45 | Create | Villager (Male) |
| 25:45 | Create | Villager (Male) |
| 26:29 | Create | Villager (Male) |
| 26:29 | Create | Villager (Male) |
| 27:18 | Create | Villager (Male) |
| 27:19 | Create | Villager (Male) |
| 27:47 | Create | Villager (Male) |
| 27:48 | Create | Villager (Male) |
| 28:05 | Build | House |
| 28:13 | Create | Villager (Male) |
| 29:06 | Create | Villager (Male) |
| 29:07 | Create | Villager (Male) |
| 29:34 | Build | House |
| 29:41 | Build | Farm |
| 30:12 | Create | Villager (Male) |
| 30:13 | Create | Villager (Male) |
| 30:25 | Create | Villager (Male) |
| 30:25 | Create | Villager (Male) |
| 31:18 | Build | Lumber Camp |
| 31:39 | Build | Lumber Camp |
| 31:51 | Build | Farm |
| 31:54 | Build | Lumber Camp |
| 32:28 | Build | Farm |
| 32:31 | Build | Farm |
| 34:25 | Research | Feudal Age |
| 36:35 | Age | Feudal Age |
| 36:37 | Research | Double-Bit Axe |
| 36:37 | Research | Wheelbarrow |
| 36:51 | Build | Farm |
| 38:49 | Build | Farm |
| 39:14 | Build | Farm |
| 39:18 | Build | Farm |
| 39:29 | Build | Farm |
| 40:36 | Build | Farm |
| 40:50 | Build | Blacksmith |
| 40:56 | Build | Market |
| 41:14 | Build | Farm |
| 41:30 | Research | Castle Age |
| 41:50 | Build | Farm |
| 42:05 | Build | Farm |
| 43:05 | Build | Lumber Camp |
| 44:10 | Age | Castle Age |
| 44:11 | Research | Bow Saw |
| 44:25 | Build | Siege Workshop |
| 44:29 | Build | Monastery |
| 45:13 | Research | Imperial Age |
| 45:22 | Build | Farm |
| 45:28 | Create | Mangonel |
| 45:28 | Create | Mangonel |
| 45:46 | Build | House |
| 45:48 | Build | House |
| 45:51 | Build | House |
| 45:57 | Build | House |
| 46:02 | Build | House |
| 46:06 | Build | House |
| 46:12 | Build | House |
| 47:54 | Build | Market |
| 48:23 | Age | Imperial Age |
| 48:48 | Research | Onager (upgrade) |
| 48:48 | Research | Onager (upgrade) |
| 48:49 | Research | Onager (upgrade) |
| 48:57 | Build | Town Center |
| 49:02 | Build | Town Center |
| 49:09 | Create | Villager (Male) |
| 49:10 | Create | Villager (Male) |
| 49:10 | Create | Villager (Male) |
| 49:40 | Create | Villager (Male) |
| 49:40 | Create | Villager (Male) |
| 49:56 | Create | Villager (Male) |
| 49:56 | Create | Villager (Male) |
| 49:56 | Create | Villager (Male) |
| 49:56 | Create | Villager (Male) |
| 50:08 | Create | Villager (Male) |
| 50:08 | Create | Villager (Male) |
| 50:09 | Create | Villager (Male) |
| 50:32 | Create | Villager (Male) |
| 50:32 | Create | Villager (Male) |
| 50:43 | Create | Villager (Male) |
| 50:44 | Create | Villager (Male) |
| 50:45 | Build | Farm |
| 50:47 | Build | Farm |
| 50:55 | Build | Farm |
| 50:56 | Build | Farm |
| 50:58 | Build | Farm |
| 51:07 | Build | Farm |
| 51:12 | Create | Villager (Male) |
| 51:12 | Create | Villager (Male) |
| 51:12 | Create | Villager (Male) |
| 51:25 | Create | Villager (Male) |
| 51:25 | Create | Villager (Male) |
| 51:32 | Build | Farm |
Build order — Carmillum
18 actions detected in the replay
| 0:05 | Create | Villager (Male) |
| 0:07 | Create | Villager (Male) |
| 0:08 | Create | Villager (Male) |
| 0:48 | Create | Villager (Male) |
| 2:29 | Build | House |
| 3:18 | Build | Mill |
| 7:01 | Build | Farm |
| 8:05 | Build | House |
| 9:39 | Create | Villager (Male) |
| 12:11 | Create | Villager (Male) |
| 14:56 | Build | Farm |
| 15:01 | Build | House |
| 15:21 | Create | Villager (Male) |
| 15:46 | Build | Farm |
| 16:43 | Create | Villager (Male) |
| 17:30 | Create | Villager (Male) |
| 18:54 | Create | Villager (Male) |
| 19:58 | Create | Villager (Male) |
Build order — Iam_ViRuS
First 150 of 989 actions detected
| 0:01 | Create | Villager (Male) |
| 0:01 | Create | Villager (Male) |
| 0:02 | Create | Villager (Male) |
| 0:02 | Create | Villager (Male) |
| 0:02 | Create | Villager (Male) |
| 2:25 | Build | House |
| 4:19 | Create | Villager (Male) |
| 4:20 | Create | Villager (Male) |
| 4:47 | Create | Villager (Male) |
| 4:47 | Create | Villager (Male) |
| 5:17 | Create | Villager (Male) |
| 5:17 | Create | Villager (Male) |
| 5:55 | Create | Villager (Male) |
| 5:55 | Create | Villager (Male) |
| 6:09 | Build | House |
| 6:22 | Create | Villager (Male) |
| 6:22 | Create | Villager (Male) |
| 6:52 | Create | Villager (Male) |
| 6:52 | Create | Villager (Male) |
| 7:51 | Create | Villager (Male) |
| 7:51 | Create | Villager (Male) |
| 7:59 | Build | Mill |
| 8:01 | Build | Lumber Camp |
| 8:45 | Build | House |
| 11:11 | Build | House |
| 11:23 | Build | Farm |
| 13:57 | Build | Farm |
| 14:19 | Create | Villager (Male) |
| 14:19 | Create | Villager (Male) |
| 15:38 | Create | Villager (Male) |
| 15:38 | Create | Villager (Male) |
| 16:42 | Create | Villager (Male) |
| 16:43 | Create | Villager (Male) |
| 17:02 | Build | House |
| 18:00 | Create | Villager (Male) |
| 18:00 | Create | Villager (Male) |
| 18:58 | Create | Villager (Male) |
| 18:58 | Create | Villager (Male) |
| 20:21 | Create | Villager (Male) |
| 20:21 | Create | Villager (Male) |
| 20:25 | Build | House |
| 21:12 | Build | Farm |
| 21:43 | Create | Villager (Male) |
| 21:43 | Create | Villager (Male) |
| 22:26 | Create | Villager (Male) |
| 22:26 | Create | Villager (Male) |
| 23:26 | Create | Villager (Male) |
| 23:26 | Create | Villager (Male) |
| 24:08 | Create | Villager (Male) |
| 24:09 | Create | Villager (Male) |
| 24:50 | Create | Villager (Male) |
| 24:50 | Create | Villager (Male) |
| 25:05 | Build | Farm |
| 26:37 | Build | Farm |
| 27:27 | Build | Farm |
| 29:29 | Build | Farm |
| 29:33 | Build | Farm |
| 30:16 | Research | Feudal Age |
| 32:26 | Age | Feudal Age |
| 32:34 | Build | Market |
| 32:37 | Build | Blacksmith |
| 32:38 | Research | Wheelbarrow |
| 33:22 | Build | Farm |
| 33:31 | Build | Farm |
| 33:39 | Build | Farm |
| 34:01 | Build | Farm |
| 35:11 | Research | Castle Age |
| 35:12 | Research | Castle Age |
| 35:50 | Build | Lumber Camp |
| 37:35 | Research | Double-Bit Axe |
| 37:51 | Age | Castle Age |
| 38:10 | Research | Bow Saw |
| 38:15 | Create | Villager (Male) |
| 38:15 | Research | Loom |
| 38:18 | Build | Farm |
| 39:10 | Build | Farm |
| 40:04 | Build | Lumber Camp |
| 40:31 | Build | Monastery |
| 40:34 | Build | Siege Workshop |
| 41:42 | Build | Farm |
| 42:04 | Research | Imperial Age |
| 42:07 | Create | Mangonel |
| 42:07 | Create | Mangonel |
| 43:13 | Build | House |
| 43:17 | Build | House |
| 43:19 | Build | House |
| 43:26 | Build | House |
| 44:16 | Build | House |
| 45:11 | Build | House |
| 45:14 | Age | Imperial Age |
| 46:36 | Build | Lumber Camp |
| 46:39 | Research | Onager (upgrade) |
| 46:39 | Research | Onager (upgrade) |
| 47:18 | Create | Villager (Male) |
| 47:18 | Create | Villager (Male) |
| 47:19 | Create | Villager (Male) |
| 47:53 | Create | Villager (Male) |
| 48:42 | Build | Town Center |
| 49:05 | Create | Villager (Male) ×5 |
| 49:17 | Build | Farm |
| 49:18 | Build | Farm |
| 49:19 | Build | Farm |
| 49:20 | Build | Farm |
| 49:21 | Build | Farm |
| 49:35 | Create | Villager (Male) |
| 49:42 | Build | Market |
| 49:47 | Build | Farm |
| 49:59 | Create | Villager (Male) ×2 |
| 50:00 | Create | Villager (Male) ×2 |
| 50:29 | Build | Town Center |
| 51:29 | Create | Villager (Male) |
| 51:30 | Create | Villager (Male) |
| 51:32 | Build | Farm |
| 51:33 | Build | Farm |
| 51:35 | Build | Farm |
| 51:38 | Build | Farm |
| 51:40 | Build | Farm |
| 51:54 | Create | Villager (Male) |
| 51:54 | Create | Villager (Male) ×2 |
| 51:55 | Create | Villager (Male) |
| 52:02 | Build | Town Center |
| 52:16 | Create | Villager (Male) ×2 |
| 52:17 | Create | Villager (Male) ×2 |
| 52:23 | Build | Town Center |
| 52:39 | Build | Farm |
| 52:41 | Create | Villager (Male) ×2 |
| 52:42 | Create | Villager (Male) ×2 |
| 52:48 | Build | House |
| 52:49 | Build | House |
| 52:50 | Build | House |
| 52:51 | Build | House |
| 52:55 | Create | Villager (Male) ×2 |
| 52:55 | Create | Villager (Male) ×2 |
| 53:21 | Build | Farm |
| 53:21 | Build | Farm |
| 53:22 | Build | Farm |
| 53:22 | Build | Farm |
| 53:22 | Build | Farm |
| 53:22 | Build | Farm |
| 53:23 | Build | Farm |
| 53:23 | Build | Farm |
| 53:23 | Build | Farm |
| 53:26 | Create | Villager (Male) |
| 53:27 | Create | Villager (Male) |
| 53:36 | Create | Villager (Male) ×2 |
| 53:36 | Create | Villager (Male) ×2 |
| 53:45 | Create | Villager (Male) |
| 53:45 | Create | Villager (Male) |
| 54:10 | Create | Villager (Male) ×3 |
| 54:11 | Create | Villager (Male) ×3 |
Build order — baeda-frank-tsg
First 150 of 560 actions detected
| 0:08 | Create | Villager (Male) |
| 0:09 | Create | Villager (Male) |
| 0:10 | Research | Loom |
| 0:11 | Create | Villager (Male) ×2 |
| 2:34 | Build | House |
| 7:42 | Build | Mill |
| 8:25 | Build | Farm |
| 9:14 | Build | House |
| 11:04 | Create | Villager (Male) |
| 13:21 | Create | Villager (Male) |
| 14:07 | Build | Farm |
| 15:15 | Create | Villager (Male) |
| 16:26 | Build | House |
| 16:35 | Create | Villager (Male) |
| 16:35 | Create | Villager (Male) |
| 17:49 | Create | Villager (Male) |
| 19:16 | Create | Villager (Male) |
| 20:15 | Create | Villager (Male) |
| 21:31 | Create | Villager (Male) |
| 22:50 | Create | Villager (Male) |
| 22:51 | Create | Villager (Male) |
| 23:52 | Build | Farm |
| 24:06 | Build | House |
| 24:10 | Create | Villager (Male) |
| 25:16 | Create | Villager (Male) |
| 25:17 | Create | Villager (Male) |
| 26:02 | Create | Villager (Male) |
| 26:49 | Create | Villager (Male) |
| 28:01 | Create | Villager (Male) |
| 28:01 | Create | Villager (Male) |
| 28:50 | Create | Villager (Male) |
| 29:18 | Build | House |
| 30:24 | Build | Lumber Camp |
| 30:32 | Create | Villager (Male) |
| 30:32 | Create | Villager (Male) |
| 30:32 | Create | Villager (Male) |
| 33:18 | Build | House |
| 33:22 | Create | Villager (Male) |
| 33:22 | Create | Villager (Male) |
| 33:23 | Create | Villager (Male) |
| 33:23 | Create | Villager (Male) |
| 34:52 | Create | Villager (Male) |
| 34:53 | Create | Villager (Male) |
| 35:50 | Build | Lumber Camp |
| 36:03 | Build | Mill |
| 36:15 | Build | Farm |
| 36:46 | Build | Lumber Camp |
| 37:03 | Build | Farm |
| 37:14 | Build | Farm |
| 37:28 | Build | Lumber Camp |
| 40:14 | Research | Feudal Age |
| 42:24 | Age | Feudal Age |
| 42:28 | Research | Wheelbarrow |
| 42:33 | Research | Double-Bit Axe |
| 44:58 | Build | Blacksmith |
| 45:39 | Build | Market |
| 45:50 | Build | Mill |
| 46:20 | Research | Horse Collar |
| 47:31 | Build | Farm |
| 47:41 | Build | Farm |
| 47:53 | Build | Farm |
| 48:26 | Build | Lumber Camp |
| 48:57 | Build | Lumber Camp |
| 50:04 | Research | Castle Age |
| 51:31 | Build | Lumber Camp |
| 52:12 | Build | Farm |
| 52:44 | Age | Castle Age |
| 52:46 | Research | Hand Cart |
| 52:50 | Research | Bow Saw |
| 53:02 | Build | University |
| 53:17 | Build | Monastery |
| 53:28 | Research | Town Watch |
| 54:15 | Build | Farm |
| 54:28 | Build | Town Center |
| 55:25 | Build | Lumber Camp |
| 55:36 | Build | Farm |
| 57:17 | Research | Imperial Age |
| 57:51 | Build | Lumber Camp |
| 58:03 | Build | Market |
| 58:42 | Build | Lumber Camp |
| 58:57 | Build | Lumber Camp |
| 59:16 | Research | Caravan |
| 59:50 | Create | Trade Cart ×5 |
| 60:18 | Build | House |
| 60:20 | Build | House |
| 60:23 | Build | House |
| 60:27 | Age | Imperial Age |
| 60:40 | Create | Villager (Male) ×5 |
| 61:03 | Build | Farm |
| 61:32 | Create | Villager (Male) ×5 |
| 61:39 | Create | Villager (Male) ×5 |
| 61:48 | Build | House |
| 61:49 | Build | House |
| 61:51 | Build | House |
| 62:41 | Build | House |
| 63:08 | Build | House |
| 63:28 | Create | Trade Cart ×2 |
| 63:46 | Build | House |
| 63:57 | Build | Siege Workshop |
| 64:03 | Create | Villager (Male) |
| 64:03 | Create | Villager (Male) |
| 64:09 | Create | Villager (Male) |
| 64:09 | Create | Villager (Male) |
| 64:20 | Build | Farm |
| 64:29 | Build | Lumber Camp |
| 65:09 | Research | Onager (upgrade) |
| 65:13 | Create | Mangonel |
| 65:24 | Build | House |
| 65:26 | Build | House |
| 65:54 | Build | House |
| 66:07 | Create | Villager (Male) ×4 |
| 66:13 | Create | Mangonel |
| 66:39 | Build | House |
| 66:41 | Build | House |
| 66:59 | Build | House |
| 67:10 | Create | Trade Cart ×4 |
| 67:41 | Build | Farm |
| 67:54 | Build | Lumber Camp |
| 68:20 | Build | House |
| 68:53 | Research | Coinage |
| 69:00 | Create | Villager (Male) ×5 |
| 69:01 | Create | Villager (Male) ×5 |
| 69:41 | Build | House |
| 69:44 | Build | House |
| 70:03 | Create | Trade Cart ×3 |
| 70:04 | Create | Trade Cart ×3 |
| 71:11 | Build | House |
| 71:23 | Build | Lumber Camp |
| 71:33 | Create | Mangonel |
| 71:53 | Create | Trade Cart |
| 71:53 | Create | Trade Cart |
| 71:58 | Research | Banking |
| 72:03 | Create | Trade Cart ×5 |
| 72:03 | Create | Trade Cart ×5 |
| 72:03 | Create | Trade Cart ×3 |
| 72:23 | Create | Villager (Male) ×5 |
| 72:24 | Create | Villager (Male) ×5 |
| 72:24 | Create | Villager (Male) ×5 |
| 72:24 | Create | Villager (Male) ×2 |
| 72:33 | Create | Villager (Male) ×5 |
| 72:33 | Create | Villager (Male) ×5 |
| 72:33 | Create | Villager (Male) ×2 |
| 72:47 | Build | Lumber Camp |
| 73:08 | Build | House |
| 73:09 | Build | House |
| 73:11 | Build | House |
| 73:12 | Build | House |
| 73:35 | Build | Farm |
| 74:42 | Build | Farm |
| 74:59 | Build | University |
Build order — gtrodriguez
First 150 of 907 actions detected
| 0:02 | Create | Villager (Male) |
| 0:02 | Create | Villager (Male) |
| 0:03 | Create | Villager (Male) |
| 0:03 | Create | Villager (Male) |
| 0:03 | Create | Villager (Male) |
| 2:43 | Build | House |
| 3:41 | Build | Mill |
| 6:01 | Build | House |
| 6:52 | Build | Palisade Wall |
| 9:31 | Build | Farm |
| 12:07 | Create | Villager (Male) |
| 13:51 | Build | Farm |
| 14:30 | Create | Villager (Male) |
| 14:30 | Create | Villager (Male) |
| 15:32 | Create | Villager (Male) |
| 15:32 | Create | Villager (Male) |
| 16:25 | Build | House |
| 17:02 | Create | Villager (Male) |
| 17:03 | Create | Villager (Male) |
| 18:09 | Create | Villager (Male) |
| 18:10 | Create | Villager (Male) |
| 19:33 | Create | Villager (Male) |
| 19:33 | Create | Villager (Male) |
| 21:12 | Create | Villager (Male) |
| 21:12 | Create | Villager (Male) |
| 22:04 | Create | Villager (Male) |
| 22:04 | Create | Villager (Male) |
| 22:29 | Build | House |
| 23:14 | Create | Villager (Male) |
| 23:15 | Create | Villager (Male) |
| 24:19 | Create | Villager (Male) |
| 24:19 | Create | Villager (Male) |
| 25:42 | Create | Villager (Male) |
| 25:42 | Create | Villager (Male) |
| 26:39 | Create | Villager (Male) |
| 26:39 | Create | Villager (Male) |
| 27:00 | Build | Farm |
| 28:11 | Create | Villager (Male) |
| 28:12 | Create | Villager (Male) |
| 28:50 | Build | House |
| 29:36 | Create | Villager (Male) |
| 29:37 | Create | Villager (Male) |
| 29:37 | Create | Villager (Male) |
| 30:41 | Create | Villager (Male) |
| 30:42 | Create | Villager (Male) |
| 31:14 | Create | Villager (Male) |
| 31:14 | Create | Villager (Male) |
| 31:59 | Create | Villager (Male) |
| 31:59 | Create | Villager (Male) |
| 33:11 | Build | House |
| 33:22 | Build | Farm |
| 34:32 | Create | Villager (Male) |
| 34:32 | Create | Villager (Male) |
| 34:32 | Create | Villager (Male) |
| 34:32 | Create | Villager (Male) |
| 35:00 | Create | Villager (Male) |
| 35:00 | Create | Villager (Male) |
| 35:42 | Create | Villager (Male) |
| 35:43 | Create | Villager (Male) |
| 36:35 | Build | House |
| 36:59 | Create | Villager (Male) |
| 37:00 | Create | Villager (Male) |
| 37:00 | Create | Villager (Male) |
| 37:57 | Build | Lumber Camp |
| 38:24 | Create | Villager (Male) |
| 38:24 | Create | Villager (Male) |
| 39:06 | Create | Villager (Male) |
| 39:27 | Create | Villager (Male) |
| 39:28 | Create | Villager (Male) |
| 40:40 | Build | House |
| 41:03 | Create | Villager (Male) |
| 41:03 | Create | Villager (Male) |
| 41:03 | Create | Villager (Male) |
| 41:22 | Build | Lumber Camp |
| 41:43 | Create | Villager (Male) |
| 41:44 | Create | Villager (Male) |
| 42:17 | Create | Villager (Male) |
| 43:13 | Build | Lumber Camp |
| 43:43 | Build | Farm |
| 43:59 | Build | Lumber Camp |
| 44:35 | Build | Lumber Camp |
| 46:39 | Build | Farm |
| 46:54 | Build | Mill |
| 47:52 | Research | Loom |
| 47:53 | Research | Feudal Age |
| 50:18 | Build | Farm |
| 50:27 | Age | Feudal Age |
| 51:38 | Build | Lumber Camp |
| 51:47 | Build | Farm |
| 52:12 | Build | Farm |
| 52:21 | Build | Farm |
| 53:44 | Build | Lumber Camp |
| 54:54 | Build | Market |
| 55:15 | Build | Blacksmith |
| 55:22 | Build | Farm |
| 55:52 | Research | Castle Age |
| 56:31 | Build | Farm |
| 57:26 | Build | Farm |
| 58:07 | Build | House |
| 58:32 | Age | Castle Age |
| 58:34 | Build | Lumber Camp |
| 58:41 | Build | Farm |
| 59:00 | Build | Siege Workshop |
| 59:10 | Build | Monastery |
| 59:42 | Research | Imperial Age |
| 60:02 | Build | House |
| 60:07 | Build | House |
| 60:13 | Build | House |
| 60:21 | Build | House |
| 60:22 | Build | House |
| 60:30 | Create | Mangonel |
| 60:30 | Create | Mangonel |
| 60:31 | Create | Mangonel |
| 60:55 | Research | Double-Bit Axe |
| 61:10 | Build | Farm |
| 61:22 | Build | House |
| 61:51 | Build | Farm |
| 61:56 | Build | Farm |
| 62:09 | Build | Farm |
| 62:16 | Build | Lumber Camp |
| 62:28 | Build | Farm |
| 62:36 | Build | Farm |
| 62:52 | Age | Imperial Age |
| 62:57 | Research | Onager (upgrade) |
| 63:14 | Build | House |
| 63:32 | Research | Bow Saw |
| 63:44 | Build | Lumber Camp |
| 63:49 | Build | Farm |
| 64:43 | Research | Town Watch |
| 64:44 | Research | Wheelbarrow |
| 64:49 | Create | Villager (Male) |
| 64:49 | Create | Villager (Male) |
| 66:11 | Build | Town Center |
| 66:39 | Build | Town Center |
| 66:56 | Research | Two-Man Saw |
| 67:17 | Create | Villager (Male) |
| 67:18 | Create | Villager (Male) |
| 67:18 | Create | Villager (Male) |
| 67:38 | Build | Lumber Camp |
| 67:42 | Build | Farm |
| 67:44 | Build | Farm |
| 67:46 | Build | Farm |
| 67:47 | Build | Farm |
| 69:21 | Build | House |
| 69:22 | Build | House |
| 69:22 | Build | House |
| 69:23 | Build | House |
| 69:23 | Build | House |
| 69:25 | Build | House |
| 69:25 | Build | House |
Match timeline
| 3:31 | castleChicken · wall_segment Palisade Wall x1 |
| 6:52 | gtrodriguez · wall_segment Palisade Wall x1 |
| 8:05 | La_Granjita · wall_segment Palisade Wall x1 |
| 20:38 | Carmillum · resign |
| 32:26 | Iam_ViRuS · age_up feudal |
| 33:06 | Iam_ViRuS · first_market_sell 500 wood |
| 33:12 | Iam_ViRuS · first_market_buy 100 food |
| 36:35 | bengtarne · age_up feudal |
| 37:51 | Iam_ViRuS · age_up castle |
| 40:31 | Iam_ViRuS · first_building Monastery |
| 40:34 | Iam_ViRuS · first_building Siege Workshop |
| 41:13 | La_Granjita · age_up feudal |
| 41:14 | luisedgaco02 · age_up feudal |
| 41:25 | bengtarne · first_market_sell 500 wood |
| 42:24 | baeda-frank-tsg · age_up feudal |
| 44:10 | bengtarne · age_up castle |
| 44:25 | bengtarne · first_building Siege Workshop |
| 44:29 | bengtarne · first_building Monastery |
| 44:59 | castleChicken · age_up feudal |
| 45:14 | Iam_ViRuS · age_up imperial |
| 45:41 | La_Granjita · first_market_sell 500 wood |
| 47:03 | baeda-frank-tsg · first_market_sell 500 wood |
| 48:07 | castleChicken · first_market_sell 500 wood |
| 48:23 | bengtarne · age_up imperial |
| 48:31 | La_Granjita · age_up castle |
| 50:27 | gtrodriguez · age_up feudal |
| 50:34 | La_Granjita · first_building Siege Workshop |
| 51:00 | castleChicken · age_up castle |
| 51:07 | La_Granjita · first_building Monastery |
| 51:56 | castleChicken · first_building Siege Workshop |
| 52:10 | castleChicken · first_building Monastery |
| 52:39 | luisedgaco02 · first_market_sell 500 wood |
| 52:44 | baeda-frank-tsg · age_up castle |
| 52:45 | luisedgaco02 · first_market_buy 100 food |
| 53:17 | baeda-frank-tsg · first_building Monastery |
| 55:24 | gtrodriguez · first_market_sell 100 wood |
| 55:35 | luisedgaco02 · age_up castle |
| 55:49 | castleChicken · age_up imperial |
| 56:04 | La_Granjita · age_up imperial |
| 58:32 | gtrodriguez · age_up castle |
| 59:00 | gtrodriguez · first_building Siege Workshop |
| 59:10 | gtrodriguez · first_building Monastery |
| 60:27 | baeda-frank-tsg · age_up imperial |
| 62:49 | gtrodriguez · first_market_buy 100 food |
| 62:52 | gtrodriguez · age_up imperial |
| 63:57 | baeda-frank-tsg · first_building Siege Workshop |
| 66:16 | luisedgaco02 · first_building Monastery |
| 67:53 | Iam_ViRuS · first_building Barracks |
| 68:05 | La_Granjita · first_market_buy 100 stone |
| 68:10 | bengtarne · first_market_buy 100 stone |
| 69:47 | gtrodriguez · first_building Barracks |
| 70:32 | castleChicken · first_market_buy 100 stone |
| 71:02 | gtrodriguez · first_building Archery Range |
| 71:28 | luisedgaco02 · age_up imperial |
| 71:39 | castleChicken · first_building Barracks |
| 72:32 | luisedgaco02 · first_building Siege Workshop |
| 73:33 | La_Granjita · first_building Barracks |
| 75:20 | Iam_ViRuS · first_building Castle |
| 75:54 | Iam_ViRuS · first_building Archery Range |
| 76:25 | bengtarne · first_building Barracks |
| 78:44 | Iam_ViRuS · first_building Stable |
| 79:52 | bengtarne · first_building Stable |
| 79:55 | bengtarne · first_building Archery Range |
| 80:17 | bengtarne · first_building Castle |
| 82:55 | La_Granjita · first_building Castle |
| 83:39 | bengtarne · wall_segment Palisade Wall x1 |
| 84:38 | baeda-frank-tsg · first_building Barracks |
| 85:36 | castleChicken · first_building Stable |
| 86:44 | baeda-frank-tsg · first_market_buy 500 stone |
| 88:10 | baeda-frank-tsg · first_building Castle |
| 90:46 | baeda-frank-tsg · first_building Stable |
| 91:01 | castleChicken · first_building Castle |
| 91:30 | luisedgaco02 · first_building Castle |
| 93:29 | baeda-frank-tsg · first_building Archery Range |
| 96:11 | gtrodriguez · first_building Stable |
| 96:26 | La_Granjita · wall_segment Stone Wall x9 |
| 104:09 | castleChicken · wall_segment Stone Wall x1 |
| 104:24 | castleChicken · wall_segment Stone Wall x1 |
| 105:22 | La_Granjita · first_building Archery Range |
| 107:55 | castleChicken · wall_segment Stone Wall x1 |
| 109:24 | bengtarne · wall_segment Stone Wall x23 |
| 109:30 | bengtarne · wall_segment Stone Wall x6 |
| 109:32 | bengtarne · wall_segment Stone Wall x3 |
| 109:33 | bengtarne · wall_segment Stone Wall x6 |
| 109:37 | bengtarne · wall_segment Stone Wall x9 |
| 109:38 | castleChicken · wall_segment Stone Wall x1 |
| 109:39 | castleChicken · wall_segment Stone Wall x4 |
| 110:52 | castleChicken · first_building Archery Range |
| 121:39 | La_Granjita · wall_segment Stone Wall x11 |
[ AI ANALYSIS · 1 CREDIT ]
What really happened in this match?
Wolo.gg analyzes every decision: build order, eco, micro, common mistakes by bracket. Personalized analysis on WhatsApp or Discord in 30 seconds.
Civ guide
Japanese
Perfil
Jugador #4703633